 Dungeon Crawl Stone Soup version 0.30-a0-347-gf58ed5266c (webtiles) character file.

Game seed: 7587106907283171846

1281 porpoise the Trooper (level 8, 0/96 HPs)
             Began as a Djinni Fire Elementalist on Nov 7, 2022.
             Slain by an orc warrior
             ... wielding a +0 mace
              (4 damage)
             ... on level 7 of the Dungeon.
             The game lasted 00:22:17 (5520 turns).

porpoise the Trooper (Djinni Fire Elementalist)     Turns: 5520, Time: 00:22:18

Health: 0/96       AC:  3    Str:  7    XL:     8   Next: 84%
Gold:   312        EV: 12    Int: 19    God:
                   SH:  0    Dex: 14

rFire   + + .      SeeInvis .    a - +1 dagger (drain)
rCold   x . .      Faith    .    (no shield)
rNeg    . . .      Spirit   .    b - +0 robe
rPois   ∞          Reflect  .    o - +0 helmet
rElec   .          Harm     .    (no cloak)
rCorr   .          Rampage  .    (no gloves)
Will    .....                    (boots unavailable)
Stlth   ..........               (no amulet)
HPRegen 0.36/turn                x - +4 ring of slaying
MPRegen 0.00/turn                (no ring)

@: berserking, flying, very quick
A: sickness immunity, fire resistance 2, cold vulnerability 1, float, innate
caster, HP casting, extra vitality 1
a: no special abilities


You were on level 7 of the Dungeon.
You visited 1 branch of the dungeon, and saw 6 of its levels.
You also visited: Sewer.

You collected 312 gold pieces.

Inventory:

Hand Weapons
 a - a +1 dagger of draining (weapon)
 n - a +3 dagger of protection
 s - a +2 short sword of protection
Missiles
 c - 32 poisoned darts
 r - 2 boomerangs
Armour
 b - a +0 robe (worn)
 o - a +0 helmet (worn)
Jewellery
 x - a +4 ring of slaying (left hand)
Wands
 e - a wand of digging (12)
 l - a wand of roots (11)
Scrolls
 f - 2 scrolls of teleportation
 h - a scroll of enchant weapon
 j - a scroll of fog
 k - a scroll of fear
 m - a scroll of blinking
 t - a scroll of summoning {unknown}
 v - a scroll of poison {unknown}
 w - a scroll of noise {unknown}
 y - a scroll of enchant armour {unknown}
Potions
 d - 5 potions of curing
 g - a potion of resistance
 i - 3 potions of brilliance
 q - a potion of heal wounds
 u - a potion of mutation


   Skills:
 + Level 7.0 Fighting
 - Level 2.1 Dodging
 - Level 1.5 Stealth
 + Level 6.0 Spellcasting


You had one spell level left.
You knew the following spells:

 Your Spells              Type           Power      Damage    Failure   Level
a - Foxfire               Conj/Fire      100%       2x1d9     1%          1
b - Scorch                Fire           56%        2d8       1%          2
c - Kindle Blastsparks    Fire/Tloc/Air  56%        2d14      2%          3
d - Inner Flame           Hex/Fire       28%        N/A       2%          3
e - Flame Wave            Conj/Fire      28%        2d9       10%         4
f - Apportation           Tloc           56%        N/A       1%          1
g - Blink                 Tloc           56%        N/A       1%          2
h - Poisonous Vapours     Pois/Air       56%        N/A       1%          2
Your spell library was empty.

Dungeon Overview and Level Annotations

Branches:
Dungeon (5/15)              Sewer (visited)
 Temple: D:4-7

Altars:
Trog
Uskayaw
Yredelemnul

Shops:
D:3 (

Annotations:
D:5 3 runed translucent doors, avis's ghost, novice DgIE


Innate Abilities, Weirdness & Mutations

You are immune to sickness and miasma.
You are immune to poison.
Your flesh is very heat resistant. (rF++)
You are vulnerable to cold. (rC-)
You float through the air rather than walking.
You learn spells naturally, not from books.
Your magical power is your life essence.
You have superior vitality. (+4 MHP)


Message History

The orc warrior hits you with a +0 mace.
You hit the orc priest. You drain the orc priest.
You punch the orc priest, but do no damage.
The orc priest is heavily wounded.
The foxfire hits the orc priest.
The orc priest is almost dead.
The foxfire hits the orc warrior but does no damage.
The orc warrior is lightly wounded.
The orc priest hits you with a +0 flail.
The orc hits you with a +0 dagger. The orc warrior barely misses you.
Casting: Foxfire (safe; 1% risk of failure)
Confirm with . or Enter, or press ? or * to list all spells.
You conjure some foxfire!
The orc priest completely misses you. The orc hits you with a +0 dagger.
The orc warrior hits you with a +0 mace!
* * * LOW HITPOINT WARNING * * *
You hit the orc priest but do no damage.
The orc priest is almost dead.
The orc warrior is no longer more vulnerable to fire.
The foxfire hits the orc priest.
You kill the orc priest!
The foxfire hits the orc warrior.
The orc warrior is moderately wounded.
The orc hits you but does no damage.
The orc warrior hits you with a +0 mace.
* * * LOW HITPOINT WARNING * * *
Your Fighting skill increases to level 7!
Your Spellcasting skill increases to level 6!
A red film seems to cover your vision as you go berserk!
You feel yourself moving faster!
You feel mighty! The orc hits you with a +0 dagger.
* * * LOW HITPOINT WARNING * * *
The orc warrior hits you with a +0 mace!
* * * LOW HITPOINT WARNING * * *
You hit the orc warrior. You drain the orc warrior.
The orc warrior is heavily wounded.
You puncture the orc warrior! You drain the orc warrior.
The orc warrior is almost dead.
The orc warrior hits you with a +0 mace.
You die...

#.........# #.........#
. #.........# #.
#........##
#.##########........#
#...................#
##.....#################
................oo......
##.....#########@)..###
#.....# #....# #....)#
#....# #.....# .....#
#.....# #....# #######
#....# .....# .....#


You could see an orc warrior (very drained) and an orc.

Vanquished Creatures
  An ice beast (D:5)
  An ogre (D:5)
  A black bear (D:4)
  A centaur (D:7)
  2 kobold brigands (Sewer)
  A necrophage (D:5)
  2 scorpions (D:4)
  A water moccasin zombie (D:5)
  A howler monkey (D:3)
  A centaur zombie (D:5)
  An orc priest (D:7)
  A hound (D:4)
  Jessica (D:3)
  An iguana (D:4)
  An orc wizard (D:3)
  Robin (D:2)
  3 gnolls (D:2)
  14 adders
  4 river rats
  5 worms
  4 dart slugs
  5 orcs (D:3)
  13 ball pythons
  5 bats
  8 endoplasms
  25 goblins
  13 hobgoblins
  4 quokkas
  5 frilled lizards
  12 kobolds
  9 rats
147 creatures vanquished.

Vanquished Creatures (others)
  339 foxfires
339 creatures vanquished.

Grand Total: 486 creatures vanquished

Notes
Turn   | Place    | Note
-------+----------+-------------------------------------------
     0 | D:1      | porpoise the Djinni Fire Elementalist began the quest for
                  | the Orb.
     0 | D:1      | porpoise set off with the following spells memorised:
                  | Foxfire, Scorch, Kindle Blastsparks, Inner Flame, Flame
                  | Wave.
     0 | D:1      | Reached XP level 1. HP: 15/15 MP: 0/0
    85 | D:1      | Reached skill level 1 in Fighting
    85 | D:1      | Reached XP level 2. HP: 21/22 MP: 0/0
   416 | D:1      | Reached XP level 3. HP: 26/27 MP: 0/0
   416 | D:1      | Learned a level 1 spell: Apportation
  1011 | D:2      | Reached skill level 2 in Fighting
  1013 | D:2      | Noticed Robin
  1215 | D:2      | Reached XP level 4. HP: 33/33 MP: 0/0
  1248 | D:2      | Killed Robin
  1656 | D:2      | Reached XP level 5. HP: 35/40 MP: 0/0
  1656 | D:2      | Learned a level 2 spell: Blink
  1724 | D:2      | Reached skill level 3 in Fighting
  2699 | D:3      | Found Sasas's Antique Weapon Emporium.
  2724 | D:3      | Reached XP level 6. HP: 26/47 MP: 0/0
  2952 | D:3      | Reached skill level 4 in Fighting
  3155 | D:3      | Noticed Jessica
  3161 | D:3      | Killed Jessica
  3526 | D:4      | Reached XP level 7. HP: 47/53 MP: 0/0
  3526 | D:4      | Learned a level 2 spell: Poisonous Vapours
  3550 | D:4      | Found a glowing drain.
  3557 | Sewer    | Entered a sewer
  3948 | Sewer    | Reached skill level 5 in Fighting
  4369 | D:4      | Reached skill level 5 in Spellcasting
  4369 | D:4      | Reached XP level 8. HP: 56/60 MP: 0/0
  4882 | D:4      | Reached skill level 6 in Fighting
  4967 | D:5      | Entered Level 5 of the Dungeon
  4967 | D:5      | Found a hide-covered altar of Uskayaw.
  4967 | D:5      | Found a bloodstained altar of Trog.
  5081 | D:5      | Found a runed translucent gate.
  5081 | D:5      | Found a runed translucent gate.
  5081 | D:5      | Found a runed translucent gate.
  5081 | D:5      | Noticed avis's ghost (novice DgIE)
  5083 | D:5      | Found a basalt altar of Yredelemnul.
  5251 | D:5      | You are sucked into a shaft and drop 2 floors!
  5518 | D:7      | Reached skill level 7 in Fighting
  5518 | D:7      | HP: 4/96 [orc warrior/+0 mace (11)]
  5520 | D:7      | Slain by an orc warrior

Illustrated notes

Levels and vault maps discovered:
D:1:      wander_arrival_lonely_grave, layout_basic
D:2:      minmay_wonky_spiral, layout_rooms, basic_altar, uniq_robin
D:3:      layout_loops_corners, serial_shops, shop, lightli_corner_chamber,
          uniq_jessica
D:4:      layout_basic, mainiacjoe_overflow_paths, lightli_sewer_entry_pipes
D:5:      layout_basic, nicolae_yredelemnul_ghost_church,
          chequers_temple_overflow_statue_of_worship,
          nicolae_tso_besieged_by_evil
D:7:      layout_basic, minmay_temple_entry_wispy, uniq_maggie

Skill      XL: |  1  2  3  4  5  6  7  8 |
---------------+-------------------------+-----
Fighting       | 1 2 3 4 5 7 |  7.0
Spellcasting   | 3 4 5 6 |  6.0
Dodging        | |  2.1
Stealth        | |  1.5

Action                   |  1- 3 |  4- 6 |  7- 9 || total
-------------------------+-------+-------+-------++-------
Melee: Dagger            |    10 |    35 |    26 ||    71
       Punch             |       |       |     1 ||     1
 Cast: Foxfire           |    41 |    83 |    81 ||   205
       Scorch            |     2 |    13 |    15 ||    30
       Poisonous Vapours |       |       |     1 ||     1
Evoke: Wand              |       |     1 |       ||     1
  Use: Scroll            |     3 |     6 |     4 ||    13
       Potion            |       |       |     1 ||     1
Armor: Robe              |     3 |    12 |     7 ||    22
Dodge: Dodged            |     7 |    43 |    29 ||    79

Table legend: (Time is in decaauts)
 A = Elapsed time spent in this place.
 B = Non-inter-level travel time spent in this place.
 C = Inter-level travel time spent in this place.
 D = Time resting spent in this place.
 E = Time spent auto-exploring this place.
 F = Levels seen in this place.
 G = Mean time per level.
                   A        B        C        D        E       F      G
               +--------+--------+--------+--------+--------+-----+--------+
         Total |   5515 |   5297 |    218 |   1313 |   2603 |   7 |  787.9 |
       Dungeon |   5071 |   4853 |    218 |   1197 |   2603 |   6 |  845.2 |
         Sewer |    444 |    444 |      0 |    116 |      0 |   1 |  444.0 |
               +--------+--------+--------+--------+--------+-----+--------+

Top non-repeatable levels by time:
     D:3: 1441 daAuts
     D:4: 1082 daAuts
     D:2: 1033 daAuts
     D:1: 961 daAuts
   Sewer: 444 daAuts
     D:5: 283 daAuts
     D:7: 268 daAuts
